 Dungeon Crawl Stone Soup version 0.31-a0-845-g9abc20d24f (webtiles) character file.

Game seed: 13865753355837824137

45 CowFu the Slasher (level 3, -1/31 HPs)
             Began as a Draconian Monk on Oct 2, 2023.
             Slain by a gnoll
             ... wielding a +0 halberd
              (3 damage)
             ... on level 3 of the Dungeon.
             The game lasted 00:01:04 (875 turns).

CowFu the Slasher (Draconian Monk)                   Turns: 875, Time: 00:01:04

Health: -1/31      AC:  5    Str: 13    XL:     3   Next: 42%
Magic:  3/3        EV: 12    Int: 10    God:
Gold:   51         SH:  0    Dex: 15    Spells: 2/2 levels left

rFire   . . .        a - +0 falchion
rCold   . . .        c - orb {light}
rNeg    . . .        (body armour unavailable)
rPois   .            (helmet restricted)
rElec   .            (no cloak)
rCorr   .            (no gloves)
SInv    .            (no boots)
Will    .....        (no amulet)
Stlth   +            (no ring)
HPRegen 0.25/turn    (no ring)
MPRegen 0.08/turn

%: no passive effects
@: glowing
A: AC +5, unfitting armour, cold-blooded
a: no special abilities


You were on level 3 of the Dungeon.
You visited 1 branch of the dungeon, and saw 3 of its levels.

You collected 51 gold pieces.

Inventory:

Hand Weapons
 a - a +0 falchion (weapon)
Armour
 c - an orb of light (worn)
Jewellery
 j - an amulet of guardian spirit
Scrolls
 d - a scroll of noise {unknown}
 e - a scroll of silence {unknown}
 g - 2 scrolls of teleportation {unknown}
 h - 2 scrolls of identify {unknown}
Potions
 b - a potion of ambrosia
 f - a potion of degeneration {unknown}
 i - a potion of brilliance {unknown}
 k - a potion of curing {unknown}
 l - a potion of mutation {unknown}


   Skills:
 - Level 3.2 Fighting
 + Level 4.5 Long Blades
 - Level 2.6 Dodging


You had 2 spell levels left.
You didn't know any spells.
Your spell library was empty.

Dungeon Overview and Level Annotations

Branches:
Dungeon (3/15)

Altars:


Innate Abilities, Weirdness & Mutations

Your plain brown scales are hard. (AC +5)
You cannot fit into any form of body armour.
You are cold-blooded and may be slowed by cold attacks.


Message History

You kill the adder!
The gnoll hits you with a +0 halberd!
* * * LOW HITPOINT WARNING * * *
The gnoll misses you.
There is a stone staircase leading down here.
You climb downwards.
The hobgoblin shouts!
There is a stone staircase leading up here.
You are too injured to fight recklessly!
You are too injured to fight recklessly!
You hit the hobgoblin.
The hobgoblin is almost dead.
The hobgoblin hits you.
* * * LOW HITPOINT WARNING * * *
You barely miss the hobgoblin.
The hobgoblin is almost dead.
The hobgoblin misses you.
You hit the hobgoblin.
You kill the hobgoblin!
HP restored.
You see here a hobgoblin corpse.
A rat comes into view.
You slash the rat!
You kill the rat!
You see here a hobgoblin corpse.
There is a stone staircase leading up here.
You climb upwards.
The gnoll closely misses you. The gnoll hits you with a +0 whip!
The gnoll hits you with a +0 halberd! The gnoll hits you with a +0 whip.
There is a stone staircase leading down, spattered with blood here.
You are too injured to fight recklessly!
The gnoll barely misses you. The gnoll misses you.
You climb downwards.
There is a stone staircase leading up here.
You hit the gnoll.
The gnoll is lightly wounded.
The gnoll hits you with a +0 halberd!
* * * LOW HITPOINT WARNING * * *
You hit the gnoll but do no damage. The gnoll hits you with a +0 halberd.
You die...

#################
#@gg...........$##
#######...........
#...........
#...........
#...........
#...........
#..........!
#...........
#...........


You could see 2 gnolls.

Vanquished Creatures
  2 adders (D:2)
  4 bats (D:1)
  2 endoplasms (D:1)
  2 giant cockroaches (D:1)
  2 goblins
  3 hobgoblins
  2 jackals (D:1)
  3 kobolds (D:1)
  A ball python (D:1)
  5 rats
26 creatures vanquished.

Notes
Turn   | Place    | Note
-------+----------+-------------------------------------------
     0 | D:1      | CowFu the Draconian Monk began the quest for the Orb.
     0 | D:1      | Reached XP level 1. HP: 19/19 MP: 1/1
   208 | D:1      | Reached XP level 2. HP: 26/26 MP: 2/2
   556 | D:1      | Reached skill level 4 in Long Blades
   676 | D:2      | Reached XP level 3. HP: 28/31 MP: 3/3
   874 | D:3      | HP: 1/31 [gnoll/+0 halberd (10)]
   875 | D:3      | Slain by a gnoll

Illustrated notes

Levels and vault maps discovered:
D:1:      matt_arrival_diagonals, layout_loops_ring
D:2:      layout_rooms, shapermc_ecumenical_altar_rom_forum
D:3:      layout_basic, reono_crystal_passage, minmay_misc_feat_cross,
          dilly_guarded_unrand_throatcut, uniq_terence

Skill      XL: |  1  2 |
---------------+-------+-----
Long Blades    | 4 |  4.5
Fighting       | |  3.2
Dodging        | |  2.6

Action                     || total
---------------------------++-------
  Melee: Falchion          ||    59
         Tailslap          ||     6
 Armour: Skin              ||    35
  Dodge: Dodged            ||    44

Table legend: (Time is in decaauts)
 A = Elapsed time spent in this place.
 B = Non-inter-level travel time spent in this place.
 C = Inter-level travel time spent in this place.
 D = Time resting spent in this place.
 E = Time spent auto-exploring this place.
 F = Levels seen in this place.
 G = Mean time per level.
                   A        B        C        D        E       F      G
               +--------+--------+--------+--------+--------+-----+--------+
         Total |    883 |    861 |     22 |      0 |    661 |   3 |  294.3 |
       Dungeon |    883 |    861 |     22 |      0 |    661 |   3 |  294.3 |
               +--------+--------+--------+--------+--------+-----+--------+

Top non-repeatable levels by time:
     D:1: 627 daAuts
     D:3: 141 daAuts
     D:2: 114 daAuts
